 Dungeon Crawl Stone Soup version 0.19-a0-1534-g03f6967 (webtiles) character file.

2065 LORDOFBUTT the Carver (level 9, -26/79 HPs)
             Began as a Minotaur Fighter on Sept 14, 2016.
             Was an Initiate of Gozag.
             Annihilated by a shadow (32 damage)
             ... on level 8 of the Dungeon.
             The game lasted 00:07:07 (5370 turns).

LORDOFBUTT the Carver (Minotaur Fighter)            Turns: 5370, Time: 00:07:08

Health: -26/79     AC: 13    Str: 20    XL:     9   Next: 5%
Magic:  8/8        EV: 10    Int:  5    God:    Gozag
Gold:   321        SH: 11    Dex: 14    Spells: 0 memorised, 8 levels left

rFire  + . .     SeeInvis .     a - +2 long sword
rCold  . . .     Gourm    .     b - +0 scale mail
rNeg   . . .     Faith    .     c - +0 shield
rPois  .         Spirit   .     y - +2 hat
rElec  .         Dismiss  +     (no cloak)
rCorr  .         Reflect  .     (no gloves)
MR     .....     Harm     .     r - +2 pair of boots
Stlth  ..........               h - amulet of dismissal
                                g - ring of wizardry
                                e - ring of protection from fire

@: no status effects
A: retaliatory headbutt, horns 2
a: Potion Petition, Call Merchant, Bribe Branch, Renounce Religion


You were on level 8 of the Dungeon.
You worshipped Gozag.
Gozag was aware of your devotion.
You were full.

You visited 2 branches of the dungeon, and saw 9 of its levels.

You collected 421 gold pieces.
You paid 100 gold pieces to Gozag.

Inventory:

Hand Weapons
 a - a +2 long sword (weapon)
Armour
 b - a +0 scale mail (worn)
 c - a +0 shield (worn)
 r - a +2 pair of boots (worn)
 y - a +2 hat (worn)
Jewellery
 e - a ring of protection from fire (left hand)
 g - a ring of wizardry (right hand)
 h - an amulet of dismissal (around neck)
 p - an uncursed ring of see invisible {unknown}
 v - an uncursed amulet of rage
 x - a +6 amulet of reflection {unknown}
 H - an uncursed ring of flight {unknown}
Wands
 d - a wand of paralysis (17/24)
 A - a wand of iceblast (11/15)
 I - a wand of heal wounds (3/9)
 J - a wand of random effects (22/48)
Scrolls
 j - 2 scrolls of immolation
 q - 2 scrolls of remove curse
 s - a scroll of noise {unknown}
 u - a scroll of fear {unknown}
 B - a scroll of teleportation {unknown}
 C - a scroll of fog {unknown}
 D - 2 scrolls of blinking
 F - a scroll of identify
 G - a scroll of amnesia {unknown}
Potions
 i - 2 potions of heal wounds
 k - a potion of mutation {unknown}
 l - a potion of beneficial mutation {unknown}
 m - a potion of brilliance
 n - 2 potions of degeneration
 o - 2 potions of cancellation {unknown}
 w - 3 potions of curing
 E - 2 potions of lignification
Books
 z - a Fen Folio

   Spells                             Type                      Level
   a - Corpse Rot                     Necromancy                   2
   b - Stone Arrow                    Conjuration/Earth            3
   c - Leda's Liquefaction            Hexes/Earth                  4
   d - Summon Forest                  Summoning/Translocation      5
   e - Hydra Form                     Transmutation                6
   f - Summon Hydra                   Summoning                    7
Comestibles
 f - 6 bread rations
 t - a meat ration


   Skills:
 + Level 7.2 Fighting
 + Level 8.6 Long Blades
 + Level 7.1 Armour
 + Level 3.4 Dodging
 + Level 0.6 Stealth
 + Level 7.2 Shields


You had 8 spell levels left.
You didn't know any spells.

Dungeon Overview and Level Annotations

Branches:
Dungeon (8/15)             Temple (1/1) D:6
   Lair: D:8-11

Altars:
Elyvilon
Fedhas
Gozag
Hepliaklqana
Sif Muna
Uskayaw

Shops:
D:4 (   D:8 (


Innate Abilities, Weirdness & Mutations

You reflexively headbutt those who attack you in melee.
You have a pair of horns on your head.


Message History

* * * LOW HITPOINT WARNING * * *
You block the troll's attack. The troll claws you but does no damage.
The shadow slips into darkness.
The shadow flickers and vanishes!
Deactivating autopickup; reactivate with Ctrl-A.
The shadow strikes at you from the darkness!
* * * LOW HITPOINT WARNING * * *
Reactivating autopickup.
The shadow slips into darkness.
The shadow flickers and vanishes!
Deactivating autopickup; reactivate with Ctrl-A.
The shadow strikes at you from the darkness!
* * * LOW HITPOINT WARNING * * *
Reactivating autopickup.
The shadow slips into darkness.
The shadow flickers and vanishes!
Deactivating autopickup; reactivate with Ctrl-A.
The shadow strikes at you from the darkness!
You die...
Your body crumbles into a pile of gold.

#.........# #.........#
###. #.........##.... .
###..........## ........
##............# ..... ..
#.......[.....# ###..###.
#.....<.......## #.....##.
#..........#...# #.....##.
#........@.###.# #........
#....).....###.###........
##.........T..............
##....................>.#.
#..........####...>.......
#..........## #..#.....#..
#...........###..###.###..
#.................##......
#............##.#.........


You could see a troll.

Vanquished Creatures
  Pikel (D:5)
  Menkaure (D:6)
  Edmund (D:6)
  An ice beast (D:6)
  A necrophage (D:6)
  2 orc warriors (D:6)
  A slave (D:5)
  Blork the orc (D:6)
  The ghost of MetaCosm the Grasshopper, an amateur SpWr (D:3)
  A scorpion (D:7)
  2 crimson imps
  2 howler monkeys
  A quasit (D:7)
  4 hounds
  2 jellies
  3 centaur skeletons
  A giant frog skeleton (D:6)
  3 orc wizards
  2 iguanas
  2 worker ants
  A hound skeleton (D:5)
  A worker ant zombie (D:7)
  8 adders
  A shadow imp (D:5)
  An ooze (D:2)
  An adder zombie (D:6)
  An adder skeleton (D:7)
  5 giant geckos
  17 orcs
  9 bats
  3 giant cockroaches
  7 goblins
  12 hobgoblins
  3 kobolds (D:1)
  5 quokkas
  3 ball pythons
  4 giant newts
  A jackal skeleton (D:4)
  6 rats
122 creatures vanquished.

Notes
Turn   | Place    | Note
-------+----------+-------------------------------------------
     0 | D:1      | LORDOFBUTT the Minotaur Fighter began the quest for the Orb.
     0 | D:1      | Reached XP level 1. HP: 19/19 MP: 0/0
    10 | D:1      | Noticed an ogre
   247 | D:1      | Reached XP level 2. HP: 27/27 MP: 1/1
   964 | D:2      | Reached XP level 3. HP: 28/33 MP: 2/2
   983 | D:2      | Reached skill level 3 in Long Blades
  1379 | D:3      | Reached XP level 4. HP: 17/41 MP: 3/3
  1505 | D:3      | You fall through a shaft for 2 floors!
  1505 | D:5      | Entered Level 5 of the Dungeon
  1539 | D:5      | Reached skill level 4 in Long Blades
  1539 | D:5      | Reached skill level 1 in Dodging
  1863 | D:4      | Reached XP level 5. HP: 47/47 MP: 4/4
  2142 | D:3      | Noticed MetaCosm's ghost (amateur SpWr)
  2162 | D:3      | Killed MetaCosm's ghost
  2162 | D:3      | Reached skill level 5 in Fighting
  2504 | D:4      | Found Tualitz's Weapon Shop.
  2581 | D:4      | Reached XP level 6. HP: 56/56 MP: 5/5
  2684 | D:5      | Noticed Pikel
  2684 | D:5      | Noticed a slave
  2684 | D:5      | Noticed a slave
  2684 | D:5      | Noticed a slave
  2684 | D:5      | Noticed a slave
  2685 | D:5      | Reached skill level 5 in Long Blades
  2733 | D:5      | Killed a slave
  2748 | D:5      | Killed Pikel
  2748 | D:5      | Reached skill level 6 in Long Blades
  2748 | D:5      | Reached skill level 5 in Armour
  2748 | D:5      | Reached skill level 5 in Shields
  2748 | D:5      | Reached XP level 7. HP: 25/62 MP: 6/6
  3485 | D:6      | Reached skill level 7 in Long Blades
  3568 | D:6      | Reached XP level 8. HP: 63/70 MP: 7/7
  3696 | D:6      | Noticed Edmund
  3704 | D:6      | Killed Edmund
  3738 | D:6      | Found a staircase to the Ecumenical Temple.
  3953 | D:6      | Noticed Blork the orc
  3961 | D:6      | Killed Blork the orc
  4016 | D:6      | Noticed Menkaure
  4027 | D:6      | Killed Menkaure
  4368 | D:7      | Reached skill level 8 in Long Blades
  4783 | Temple   | Entered the Ecumenical Temple
  4791 | Temple   | Became a worshipper of Gozag Ym Sagoz the Greedy
  5017 | D:7      | Reached XP level 9. HP: 79/79 MP: 8/8
  5308 | D:8      | Found Iwiumm's Antique Weapon Shoppe.
  5313 | D:8      | Noticed a troll
  5370 | D:8      | Annihilated by a shadow

Vault maps used:
D:1:      evilmike_arrival_come_back, minmay_misc_feat_columns
D:2:      first_bread
D:4:      serial_shops, nicolae_shop_crystal
D:5:      uniq_pikel
D:6:      serial_column_ruins, column_ruins_hut_pillars,
          column_ruins_hut_ruined, column_ruins_columns_dead_end,
          column_ruins_open_small_water, column_ruins_columns_straight,
          column_ruins_corridor_dead_end, uniq_edmund, uniq_blork_the_orc,
          uniq_menkaure
D:8:      serial_shops, shop_statue
Temple:   nicolae_temple_the_god_donut

Skill      XL: |  1  2  3  4  5  6  7  8 |
---------------+-------------------------+-----
Fighting       | 4 5 7 |  7.2
Shields        | 4 5 6 7 |  7.2
Long Blades    | 3 4 6 7 8 |  8.6
Armour         | 4 5 7 |  7.1
Dodging        | 1 2 3 |  3.4
Stealth        | |  0.6

Action                   |  1- 3 |  4- 6 |  7- 9 || total
-------------------------+-------+-------+-------++-------
Melee: Long sword        |   110 |   137 |   211 ||   458
       Headbutt          |    13 |    18 |    48 ||    79
  Use: Potion            |       |     1 |       ||     1
       Scroll            |       |       |    10 ||    10
  Eat: Meat ration       |     1 |       |     1 ||     2
       Fruit             |       |       |     9 ||     9
       Pizza             |       |       |     1 ||     1
       Chunk             |       |       |     1 ||     1
Armor: Scale mail        |    39 |    62 |    73 ||   174
Dodge: Dodged            |    26 |    37 |    58 ||   121
Block: Shield            |    58 |    64 |   105 ||   227
